TOP OF THE 1ST |
Akron Blimps batting - Pitching for Springfield Shooters : LHP Carlos Semprún
|
Pitching: LHP Carlos Semprún
|
|
Batting: RHB Alohinani Puanani
|
0-0: Ball 1-0: Ball 2-0: Foul Ball, location: 2F 2-1: Ball 3-1: Called Strike 3-2: Base on Balls
|
Batting: RHB Jeff Camp
|
0-0: Ball 1-0: Swinging Strike 1-1: Ball Wild Pitch! Alohinani Puanani to second 2-1: Ball 3-1: Swinging Strike 3-2: Foul Ball, location: 2F 3-2: Base on Balls
|
Batting: LHB Leonardo Sánchez
|
0-0: Ball Alohinani Puanani steals 3rd base Jeff Camp to second 1-0: Ground out 6-3 (Groundball, 6M, EV 81.9 MPH) Alohinani Puanani scores Jeff Camp to third
|
Batting: LHB Numberto Pencíl
|
0-0: Called Strike 0-1: Ball 1-1: 2-RUN HOME RUN (Flyball, 89XD, EV 103.8 MPH), Distance : 393 ft
|
Batting: RHB Dave Hill
|
0-0: Ball 1-0: Foul Ball, location: 2F 1-1: Ball 2-1: Ground out 5-3 (Groundball, 56, EV 84.4 MPH)
|
Batting: LHB Steve Chittick
|
0-0: Ball 1-0: Ball 2-0: Called Strike 2-1: Ball 3-1: Fly out, F5 (Popup, 56, EV 80.0 MPH)
|
Top of the 1st over - 3 runs, 1 hit, 0 errors, 0 left on base; Akron 3 - Springfield 0 |
BOTTOM OF THE 1ST |
Springfield Shooters batting - Pitching for Akron Blimps : RHP Michael Ramsey
|
Pitching: RHP Michael Ramsey
|
|
Batting: RHB Shi-xian Zhào
|
0-0: Foul Ball, location: 2F 0-1: Swinging Strike 0-2: Ball 1-2: Foul Ball, location: 2F 1-2: Strikes out looking
|
Batting: RHB Gabriel Luzuriaga
|
0-0: Fly out, F4 (Popup, 4M, EV 65.0 MPH)
|
Batting: LHB Adam Lee
|
0-0: Ball 1-0: Swinging Strike 1-1: Fly out, F8 (Flyball, 8RM, EV 89.4 MPH)
|
Bottom of the 1st over - 0 runs, 0 hits, 0 errors, 0 left on base; Akron 3 - Springfield 0 |
TOP OF THE 2ND |
Akron Blimps batting - Pitching for Springfield Shooters : LHP Carlos Semprún
|
Batting: RHB Hun-hyeon Kang
|
0-0: Foul Ball, location: 2F 0-1: Ball 1-1: Ball 2-1: Foul Ball, location: 2F 2-2: Ball 3-2: Base on Balls
|
Batting: SHB Salvador Berrocal
|
0-0: Foul Ball, location: 2F 0-1: Ball 1-1: Ball 2-1: Ball 3-1: Fly out, F9 (Flyball, 89M, EV 80.6 MPH)
|
Batting: LHB Fernando Negrete
|
0-0: Swinging Strike Hun-hyeon Kang steals 2nd base 0-1: Foul Ball, location: 2F 0-2: Fly out, F8 (Line Drive, 8LM, EV 92.5 MPH)
|
Batting: RHB Alohinani Puanani
|
0-0: Called Strike 0-1: Foul Ball, location: 2F 0-2: Foul Ball, location: 2F 0-2: Fly out, F8 (Flyball, 8LD, EV 95.0 MPH)
|
Top of the 2nd over - 0 runs, 0 hits, 0 errors, 1 left on base; Akron 3 - Springfield 0 |
BOTTOM OF THE 2ND |
Springfield Shooters batting - Pitching for Akron Blimps : RHP Michael Ramsey
|
Batting: RHB Júlio Chacón
|
0-0: Called Strike 0-1: Foul Ball, location: 2F 0-2: Ball 1-2: Fly out, F8 (Line Drive, 8RM, EV 93.1 MPH)
|
Batting: RHB Clay Myers
|
0-0: Ball 1-0: Called Strike 1-1: Called Strike 1-2: Ground out 5-3 (Groundball, 56S, EV 66.2 MPH)
|
Batting: RHB Yasukazu Yano
|
0-0: Called Strike 0-1: Called Strike 0-2: Fly out, F8 (Flyball, 78D, EV 86.9 MPH)
|
Bottom of the 2nd over - 0 runs, 0 hits, 0 errors, 0 left on base; Akron 3 - Springfield 0 |
TOP OF THE 3RD |
Akron Blimps batting - Pitching for Springfield Shooters : LHP Carlos Semprún
|
Batting: RHB Jeff Camp
|
0-0: Called Strike 0-1: Swinging Strike 0-2: Strikes out swinging
|
Batting: LHB Leonardo Sánchez
|
0-0: Foul Ball, location: 2F 0-1: Fly out, F8 (Line Drive, 8LD, EV 100.0 MPH)
|
Batting: LHB Numberto Pencíl
|
0-0: Ball 1-0: Ball 2-0: Foul Ball, location: 2F 2-1: Swinging Strike 2-2: Strikes out swinging
|
Top of the 3rd over - 0 runs, 0 hits, 0 errors, 0 left on base; Akron 3 - Springfield 0 |
BOTTOM OF THE 3RD |
Springfield Shooters batting - Pitching for Akron Blimps : RHP Michael Ramsey
|
Batting: LHB Bartolo Tasis
|
0-0: Ball 1-0: Called Strike 1-1: Bunt missed! 1-2: Foul Ball, location: 2F 1-2: Ground out 6-3 (Groundball, 6M, EV 85.0 MPH)
|
Batting: SHB Félix Linaza
|
0-0: Called Strike 0-1: Foul Ball, location: 2F 0-2: DOUBLE (Line Drive, 78XD, EV 109.4 MPH)
|
Batting: RHB Will Gary
|
0-0: Called Strike 0-1: Ball 1-1: Ball 2-1: Ball 3-1: Foul Ball, location: 2F 3-2: Base on Balls
|
Batting: RHB Shi-xian Zhào
|
0-0: Called Strike 0-1: Ball 1-1: DOUBLE (Groundball, 5L, EV 103.8 MPH) Félix Linaza scores Will Gary to third Runner from 3rd tries for Home, SAFE, throw by LF to trailing runner, OUT at third! 7-6-5
|
Batting: RHB Gabriel Luzuriaga
|
0-0: Swinging Strike 0-1: Ball 1-1: Ball 2-1: TRIPLE (Line Drive, 89XD, EV 102.5 MPH)
|
Batting: LHB Adam Lee
|
0-0: Ball 1-0: Ground out U3 (Groundball, 3, EV 107.5 MPH)
|
Bottom of the 3rd over - 2 runs, 3 hits, 0 errors, 1 left on base; Akron 3 - Springfield 2 |
TOP OF THE 4TH |
Akron Blimps batting - Pitching for Springfield Shooters : LHP Carlos Semprún
|
Batting: RHB Dave Hill
|
0-0: Ball 1-0: Foul Ball, location: 2F 1-1: Ball 2-1: Ground out 6-3 (Groundball, 6, EV 80.6 MPH)
|
Batting: LHB Steve Chittick
|
0-0: Ball 1-0: Ball 2-0: Swinging Strike 2-1: Swinging Strike 2-2: Foul Ball, location: 2F 2-2: Fly out, F9 (Flyball, 9S, EV 90.0 MPH)
|
Batting: RHB Hun-hyeon Kang
|
0-0: Ball 1-0: Swinging Strike 1-1: Ball 2-1: Swinging Strike 2-2: Ball 3-2: Strikes out swinging, 2-3 out at first.
|
Top of the 4th over - 0 runs, 0 hits, 0 errors, 0 left on base; Akron 3 - Springfield 2 |
BOTTOM OF THE 4TH |
Springfield Shooters batting - Pitching for Akron Blimps : RHP Michael Ramsey
|
Batting: RHB Júlio Chacón
|
0-0: Ball 1-0: Fly out, F8 (Flyball, 8RXD, EV 102.5 MPH)
|
Batting: RHB Clay Myers
|
0-0: SINGLE (Line Drive, 34, EV 103.1 MPH)
|
Batting: RHB Yasukazu Yano
|
0-0: Ball 1-0: Foul Ball, location: 2F 1-1: SINGLE (Flyball, 78S, EV 91.2 MPH) Clay Myers to second
|
Batting: LHB Bartolo Tasis
|
0-0: SINGLE (Groundball, 34D, EV 103.1 MPH) Clay Myers to third Yasukazu Yano to second Runner from 3rd tries for Home, SAFE, no throw by RF
|
Batting: SHB Félix Linaza
|
0-0: Called Strike 0-1: Ball 1-1: Ball 2-1: Ball 3-1: Base on Balls Yasukazu Yano to third Bartolo Tasis to second
|
Batting: RHB Will Gary
|
0-0: Ball 1-0: Ball 2-0: Grounds into double play, 6-4-3 (Groundball, 6, EV 87.5 MPH)
|
Bottom of the 4th over - 1 run, 3 hits, 0 errors, 2 left on base; Akron 3 - Springfield 3 |
TOP OF THE 5TH |
Akron Blimps batting - Pitching for Springfield Shooters : LHP Carlos Semprún
|
Batting: SHB Salvador Berrocal
|
0-0: Ball 1-0: Ball 2-0: Ball 3-0: Base on Balls
|
Batting: LHB Fernando Negrete
|
0-0: Ball 1-0: Sac Bunt to 13S - play at second, runner safe!
|
Batting: RHB Alohinani Puanani
|
0-0: Called Strike 0-1: Grounds into double play, 5-4-3 (Groundball, 56, EV 91.9 MPH) Salvador Berrocal to third
|
Batting: RHB Jeff Camp
|
0-0: Ball 1-0: Ball 2-0: Ball 3-0: Called Strike 3-1: SINGLE (Groundball, 5S, EV 64.4 MPH) (infield hit) Salvador Berrocal scores
|
Batting: LHB Leonardo Sánchez
|
0-0: Ball Jeff Camp steals 2nd base 1-0: Swinging Strike 1-1: Foul Ball, location: 2F 1-2: Foul Ball, location: 2F 1-2: Ball 2-2: Ball 3-2: Base on Balls
|
Pitching: RHP Zhi-qiang Ku
|
|
Batting: LHB Numberto Pencíl
|
0-0: Ball 1-0: Swinging Strike 1-1: SINGLE (Flyball, 89S, EV 100.0 MPH) Jeff Camp to third Leonardo Sánchez to second Runner from 3rd tries for Home, SAFE, throw by RF to home
|
Batting: RHB Dave Hill
|
0-0: Reached on error, E9 (Flyball, 9LS, EV 93.8 MPH) Leonardo Sánchez scores Numberto Pencíl to third
|
Batting: LHB Steve Chittick
|
0-0: Intentional Walk
|
Batting: RHB Hun-hyeon Kang
|
0-0: Ball 1-0: Ball 2-0: Ball 3-0: Base on Balls Numberto Pencíl scores Dave Hill to third Steve Chittick to second
|
Batting: SHB Salvador Berrocal
|
0-0: Ball 1-0: Ball 2-0: Called Strike 2-1: Foul Ball, location: 2F 2-2: Ball 3-2: Strikes out swinging
|
Top of the 5th over - 4 runs, 2 hits, 1 error, 3 left on base; Akron 7 - Springfield 3 |
BOTTOM OF THE 5TH |
Springfield Shooters batting - Pitching for Akron Blimps : RHP Michael Ramsey
|
Batting: RHB Shi-xian Zhào
|
0-0: Ball 1-0: Ground out 6-3 (Groundball, 56, EV 88.8 MPH)
|
Batting: RHB Gabriel Luzuriaga
|
0-0: Ball 1-0: Ground out U3 (Groundball, 34, EV 88.8 MPH)
|
Batting: LHB Adam Lee
|
0-0: Called Strike 0-1: Ground out U3 (Groundball, 3, EV 103.8 MPH)
|
Bottom of the 5th over - 0 runs, 0 hits, 0 errors, 0 left on base; Akron 7 - Springfield 3 |
TOP OF THE 6TH |
Akron Blimps batting - Pitching for Springfield Shooters : RHP Zhi-qiang Ku
|
Batting: LHB Fernando Negrete
|
0-0: Ball 1-0: Foul Ball, location: 2F 1-1: Swinging Strike 1-2: Ball 2-2: DOUBLE (Line Drive, 5D, EV 100.6 MPH)
|
Batting: RHB Alohinani Puanani
|
0-0: Called Strike 0-1: Called Strike 0-2: Strikes out swinging
|
Batting: RHB Jeff Camp
|
0-0: Ground out 4-3 (Groundball, 34, EV 102.5 MPH) Fernando Negrete to third
|
Batting: LHB Leonardo Sánchez
|
0-0: Foul Ball, location: 2F 0-1: Called Strike 0-2: Strikes out swinging
|
Top of the 6th over - 0 runs, 1 hit, 0 errors, 1 left on base; Akron 7 - Springfield 3 |
BOTTOM OF THE 6TH |
Springfield Shooters batting - Pitching for Akron Blimps : RHP Michael Ramsey
|
Batting: RHB Júlio Chacón
|
0-0: Ball 1-0: Ball 2-0: Foul Ball, location: 2F 2-1: Foul Ball, location: 2F 2-2: Ball 3-2: Fly out, F8 (Flyball, 89S, EV 77.5 MPH)
|
Batting: RHB Clay Myers
|
0-0: Swinging Strike 0-1: Called Strike 0-2: Strikes out swinging
|
Batting: RHB Yasukazu Yano
|
0-0: Foul Ball, location: 2F 0-1: SOLO HOME RUN (Flyball, 78XD, EV 98.8 MPH), Distance : 401 ft
|
Batting: LHB Bartolo Tasis
|
0-0: Ball 1-0: Called Strike 1-1: Ball 2-1: Foul Ball, location: 2F 2-2: Foul Ball, location: 2F 2-2: Foul Ball, location: 2F 2-2: Hit by Pitch, AND HE CHARGES THE MOUND! The benches clear!
|
Pitching: RHP Oakland Scanlan
|
|
Pinch Runner at 1st Marcos Calvo:
|
|
Batting: SHB Félix Linaza
|
0-0: Ball Marcos Calvo is caught stealing 2nd base 2-6
|
Bottom of the 6th over - 1 run, 1 hit, 0 errors, 0 left on base; Akron 7 - Springfield 4 |
TOP OF THE 7TH |
Akron Blimps batting - Pitching for Springfield Shooters : RHP Zhi-qiang Ku
|
Now in LF: David Maddox
|
|
Batting: LHB Numberto Pencíl
|
0-0: Called Strike 0-1: SOLO HOME RUN (Flyball, 8RXD, EV 103.8 MPH), Distance : 450 ft
|
Batting: RHB Dave Hill
|
0-0: Ball 1-0: Ball 2-0: Ball 3-0: Called Strike 3-1: Base on Balls
|
Batting: LHB Steve Chittick
|
0-0: Sac Bunt to 13S - play at first, batter OUT! 1-3 Dave Hill to second
|
Batting: RHB Hun-hyeon Kang
|
0-0: Called Strike 0-1: Ball 1-1: Ball 2-1: Ball 3-1: Base on Balls
|
Pitching: LHP Vasquo Lousada
|
|
Batting: SHB Salvador Berrocal
|
0-0: Ball 1-0: Ball 2-0: Ball 3-0: Called Strike 3-1: Fly out, F3 (Line Drive, 3, EV 73.8 MPH)
|
Batting: LHB Fernando Negrete
|
0-0: Called Strike 0-1: Swinging Strike 0-2: Ball Wild Pitch! Dave Hill to third Hun-hyeon Kang to second 1-2: Foul Ball, location: 2F 1-2: Foul Ball, location: 2F 1-2: Ground out 6-3 (Groundball, 6, EV 106.2 MPH)
|
Top of the 7th over - 1 run, 1 hit, 0 errors, 2 left on base; Akron 8 - Springfield 4 |
BOTTOM OF THE 7TH |
Springfield Shooters batting - Pitching for Akron Blimps : RHP Oakland Scanlan
|
Batting: SHB Félix Linaza
|
0-0: Called Strike 0-1: Ball 1-1: Ball 2-1: Swinging Strike 2-2: Ball 3-2: Strikes out swinging
|
Batting: RHB Will Gary
|
0-0: Swinging Strike 0-1: SINGLE (Groundball, 34D, EV 95.0 MPH)
|
Batting: RHB Shi-xian Zhào
|
0-0: Ball 1-0: Ball 2-0: Ball 3-0: Called Strike 3-1: Foul Ball, location: 2F 3-2: Foul Ball, location: 2F 3-2: Fly out, F4 (Popup, 34, EV 75.6 MPH)
|
Batting: RHB Gabriel Luzuriaga
|
0-0: Called Strike 0-1: Swinging Strike Will Gary steals 2nd base (no throw) 0-2: Ball 1-2: Strikes out looking
|
Bottom of the 7th over - 0 runs, 1 hit, 0 errors, 1 left on base; Akron 8 - Springfield 4 |
TOP OF THE 8TH |
Akron Blimps batting - Pitching for Springfield Shooters : LHP Vasquo Lousada
|
Batting: RHB Alohinani Puanani
|
0-0: Called Strike 0-1: Foul Ball, location: 2F 0-2: Ball 1-2: Foul Ball, location: 2F 1-2: Fly out, F9 (Flyball, 9S, EV 84.4 MPH)
|
Batting: RHB Jeff Camp
|
0-0: Called Strike 0-1: Swinging Strike 0-2: Ball 1-2: Ball 2-2: Ball 3-2: Foul Ball, location: 2F 3-2: SINGLE (Groundball, 13S, EV 68.1 MPH) (infield hit)
|
Batting: LHB Leonardo Sánchez
|
0-0: Foul Ball, location: 2F Pickoff Throw to First - Error! E1 Jeff Camp to second 0-1: Ball 1-1: Ground out 1-3 (Groundball, 15, EV 90.0 MPH)
|
Batting: LHB Numberto Pencíl
|
0-0: Intentional Walk
|
Batting: RHB Dave Hill
|
0-0: Called Strike 0-1: Foul Ball, location: 2F 0-2: Strikes out swinging
|
Top of the 8th over - 0 runs, 1 hit, 1 error, 2 left on base; Akron 8 - Springfield 4 |
BOTTOM OF THE 8TH |
Springfield Shooters batting - Pitching for Akron Blimps : RHP Oakland Scanlan
|
Now in LF: Ju-ho Ko
|
|
Now in RF: Takahashi Yano
|
|
Batting: LHB Adam Lee
|
0-0: Ball 1-0: Ball 2-0: Swinging Strike 2-1: SOLO HOME RUN (Flyball, 7D, EV 104.4 MPH), Distance : 377 ft
|
Batting: RHB Júlio Chacón
|
0-0: Ball 1-0: Ball 2-0: Ball 3-0: Base on Balls
|
Batting: RHB Clay Myers
|
0-0: Ball 1-0: Ball 2-0: Fielders Choice at 2nd, 4-6 (Groundball, 34, EV 90.0 MPH)
|
Pitching: RHP Hyeon-uk Sa
|
|
Batting: RHB Yasukazu Yano
|
0-0: Ball 1-0: Called Strike 1-1: Foul Ball, location: 2F 1-2: Ball 2-2: Ball 3-2: Fielders Choice at 2nd, 6-4 (Groundball, 6, EV 100.0 MPH)
|
Batting: RHB David Maddox
|
0-0: Called Strike 0-1: Foul Ball, location: 2F 0-2: Ball 1-2: Foul Ball, location: 2F 1-2: SINGLE (Groundball, 6, EV 79.4 MPH) (infield hit) Yasukazu Yano to second
|
Batting: SHB Félix Linaza
|
0-0: Called Strike 0-1: Fly out, F8 (Line Drive, 8LD, EV 84.4 MPH)
|
Bottom of the 8th over - 1 run, 2 hits, 0 errors, 2 left on base; Akron 8 - Springfield 5 |
TOP OF THE 9TH |
Akron Blimps batting - Pitching for Springfield Shooters : LHP Vasquo Lousada
|
Now at C: Freddie Butterworth
|
|
Batting: LHB Steve Chittick
|
0-0: Called Strike 0-1: Fly out, F5 (Popup, 15, EV 83.8 MPH)
|
Batting: RHB Hun-hyeon Kang
|
0-0: Called Strike 0-1: Ground out 3-1 (Groundball, 34, EV 88.1 MPH)
|
Batting: SHB Salvador Berrocal
|
0-0: Foul Ball, location: 2F 0-1: Ball 1-1: Foul Ball, location: 2F 1-2: Foul Ball, location: 2F 1-2: Ball 2-2: Foul Ball, location: 2F 2-2: Ground out 6-3 (Groundball, 6, EV 83.1 MPH)
|
Top of the 9th over - 0 runs, 0 hits, 0 errors, 0 left on base; Akron 8 - Springfield 5 |
BOTTOM OF THE 9TH |
Springfield Shooters batting - Pitching for Akron Blimps : RHP Hyeon-uk Sa
|
Pitching: RHP Gypsyamber D'Souza
|
|
Batting: RHB Will Gary
|
0-0: Ball 1-0: Ball 2-0: SINGLE (Line Drive, 8RS, EV 86.9 MPH)
|
Batting: RHB Shi-xian Zhào
|
0-0: Ball 1-0: Called Strike 1-1: Foul Ball, location: 2F 1-2: Ball 2-2: Grounds into double play, 6-4-3 (Groundball, 6, EV 103.8 MPH)
|
Batting: RHB Gabriel Luzuriaga
|
0-0: Called Strike 0-1: Foul Ball, location: 2F 0-2: Foul Ball, location: 2F 0-2: Ground out 5-3 (Groundball, 56S, EV 68.1 MPH)
|
Bottom of the 9th over - 0 runs, 1 hit, 0 errors, 0 left on base; Akron 8 - Springfield 5 |
|